AoeStats
← Rana1625

Black Forest

509870059Analyzed
4v4 RM · 3d ago on Sep 28, 2026· 40m 47s· 8 players
Game mode
Random Map
Map size
Large (8 player)
Population
200
Speed
Normal
Resources
Standard
Victory
Conquest
Starting age
Dark Age
Ending age
Imperial Age
RankedLock teamsTeams togetherTeam positionsShared explorationLock speedFull tech treeHidden civsTurbo modeCheats
Victory
Defeat
🇹🇼 Khmer · Taiwan
994
+11
🇮🇳 Poles · India
965
+12
🇹🇼 Danes · Taiwan
886
+15
🇨🇳 Turks · China
867
+16
🇦🇷 Vietnamese · Argentina
899
-15
🇬🇧 Wu · United Kingdom
873
-13
🇸🇪 Varangians · Sweden
867
-13
🇺🇸 Britons · United States
858
-13
SHEEP STEALER
1:06 Loom
12:22 Feudal Age
12:52 Double-Bit Axe
19:31 Castle Age
17:47 Gold Mining
17:54 Horse Collar
21:13 Bow Saw
22:03 Gold Shaft Mining
26:56 Imperial Age
28:01 Wheelbarrow
27:11 Town Watch
29:31 Two-Man Saw
29:29 Heavy Plow
30:41 Ballistics
32:38 Chemistry
32:16 Fletching
Rana1625
0:36 Loom
17:45 Feudal Age
22:51 Castle Age
20:58 Horse Collar
21:07 Double-Bit Axe
21:46 Gold Mining
21:50 Stone Mining
23:41 Wheelbarrow
24:42 Bow Saw
26:41 Arson
26:57 Squires
28:13 Fortified Wall
28:24 Ballistics
29:04 Pikeman
30:27 Heavy Plow
31:52 Hand Cart
31:23 Town Watch
34:47 Chatras
37:21 Imperial Age
39:32 Imperial Age
ForzaGT87
0:29 Loom
11:39 Feudal Age
12:37 Double-Bit Axe
12:40 Town Watch
12:51 Horse Collar
14:12 Gold Mining
21:12 Castle Age
21:04 Forging
20:56 Scale Mail Armor
22:39 Bow Saw
22:33 Heavy Plow
24:04 Stone Mining
25:03 Iron Casting
25:45 Gold Shaft Mining
27:01 Caravan
28:35 Stone Shaft Mining
28:39 Wheelbarrow
32:45 Imperial Age
30:48 Arson
31:06 Squires
31:27 Chain Mail Armor
31:52 Padded Archer Armor
31:42 Fletching
33:01 Ballistics
34:30 Two-Man Saw
37:21 Chemistry
36:52 Pikeman
38:37 Blast Furnace
38:08 Plate Mail Armor
38:35 Halberdier
ÍtsÁppleTime
5:43 Loom
12:19 Feudal Age
13:18 Double-Bit Axe
13:14 Fishing Lines
13:17 Horse Collar
19:35 Castle Age
18:55 Wheelbarrow
19:26 Gold Mining
20:47 Bow Saw
21:30 Heavy Plow
24:15 Hand Cart
27:24 Gillnets
27:53 Padded Archer Armor
28:06 Town Watch
28:42 Caravan
28:50 Town Patrol
33:20 Imperial Age
30:33 Treadmill Crane
31:17 Ballistics
31:16 Leather Archer Armor
30:53 Fletching
32:10 Stone Mining
32:30 Bodkin Arrow
33:29 Murder Holes
33:46 Masonry
33:30 Heavy Mounted Crossbowman
33:31 Cranequins
33:38 Elite Varangian Guard
34:19 Squires
34:05 Gambesons
35:09 Onager
36:57 Forging
38:33 Conscription
39:25 Iron Casting
41:00 Scale Mail Armor
42:01 Blast Furnace
123木頭人
10:45 Feudal Age
13:38 Castle Age
12:55 Double-Bit Axe
16:03 Bow Saw
22:00 Wheelbarrow
21:12 Loom
23:42 Hand Cart
25:17 Gold Mining
25:17 Stone Mining
25:11 Horse Collar
26:20 Stone Mining
27:08 Gold Shaft Mining
29:02 Stone Shaft Mining
31:03 Imperial Age
28:18 Town Watch
29:38 Forging
29:34 Scale Barding Armor
30:10 Heavy Plow
30:35 Bloodlines
31:23 Iron Casting
31:55 Husbandry
32:02 Tusk Swords
32:24 Conscription
36:39 Elite Battle Elephant
38:58 Blast Furnace
38:21 Chain Barding Armor
Bickus Diggus
0:45 Loom
14:46 Feudal Age
15:38 Horse Collar
15:48 Double-Bit Axe
19:44 Castle Age
20:18 Wheelbarrow
21:31 Heavy Plow
21:44 Bow Saw
21:41 Gold Mining
21:42 Stone Mining
25:18 Stone Shaft Mining
25:05 Town Watch
25:39 Hand Cart
30:45 Imperial Age
28:56 Scale Barding Armor
29:02 Forging
29:43 Fortified Wall
29:54 Ballistics
30:48 Chain Barding Armor
31:04 Iron Casting
30:43 Masonry
31:17 Szlachta Privileges
31:26 Bloodlines
31:16 Husbandry
31:11 Town Watch
31:55 Cavalier
34:16 Conscription
34:19 Squires
35:49 Blast Furnace
37:24 Chemistry
36:22 Capped Ram
40:47 Siege Engineers
41:03 Ballistics
grunt230
0:30 Loom
16:07 Feudal Age
20:54 Castle Age
19:22 Double-Bit Axe
21:14 Horse Collar
27:18 Bow Saw
27:37 Heavy Plow
29:03 Gold Mining
29:48 Pikeman
30:28 Squires
37:55 Imperial Age
36:06 Wheelbarrow
35:21 Town Watch
37:20 Gold Shaft Mining
36:35 Stone Mining
38:13 Hand Cart
39:05 Gambesons
39:08 Arson
39:46 Forging
39:37 Scale Mail Armor
39:40 Hamask
40:18 Elite Varangian Guard
VespidVeil98689
13:38 Feudal Age
18:15 Castle Age
16:59 Fishing Lines
17:10 Double-Bit Axe
17:18 Horse Collar
20:58 Bow Saw
23:11 Fishing Lines
25:51 Gold Mining
30:27 Imperial Age
28:35 Wheelbarrow
27:45 Loom
27:46 Town Watch
30:13 Hand Cart
30:17 Treadmill Crane
30:58 Ballistics
30:35 Murder Holes
30:50 Masonry
30:33 Fletching
30:44 Padded Archer Armor
30:34 Fletching
30:46 Padded Archer Armor
30:48 Scale Mail Armor
30:58 Caravan
31:31 Stone Mining
32:32 Gold Shaft Mining
32:15 Leather Archer Armor
31:55 Bodkin Arrow
32:15 Leather Archer Armor
31:55 Bodkin Arrow
32:36 Conscription
33:39 Two-Man Saw
32:41 Heavy Plow
32:30 Arrowslits
32:58 Artillery
33:50 Guilds
34:03 Town Patrol
36:31 Bracer
37:01 Ring Archer Armor
36:47 Chain Mail Armor
37:40 Squires
Connection lost

Rejoining the realm…

Still unreachable

The connection could not be restored.

Session expired

The server has moved on; the page needs a fresh start.